 Dungeon Crawl Stone Soup version 0.21-a0-450-gd87a9b2 (webtiles) character file.

162 Jorbantar the Digger (level 5, -4/28 HPs)
             Began as a Gargoyle Earth Elementalist on Nov 19, 2017.
             Slain by a tentacled starspawn (10 damage)
             ... on level 1 of the Abyss.
             The game lasted 00:12:58 (3641 turns).

Jorbantar the Digger (Gargoyle Earth Elementalist)  Turns: 3641, Time: 00:12:59

Health: -4/28      AC: 12    Str: 12    XL:     5   Next: 43%
Magic:  10/10      EV: 12    Int: 16    God:
Gold:   119        SH:  0    Dex: 10    Spells: 5/11 levels left

rFire    . . .     SeeInvis .   g - +2 mace
rCold    . . .     Gourm    .   (no shield)
rNeg     + + .     Faith    .   c - +0 robe
rPois    ∞         Spirit   .   (no helmet)
rElec    +         Reflect  .   (no cloak)
rCorr    .         Harm     .   (no gloves)
MR       .....                  (no boots)
Stlth    ++........             (no amulet)
HPRegen  0.09/turn              m - ring of positive energy
MPRegen  0.12/turn              f - +6 ring of protection

@: about to teleport
A: negative energy resistance 1, electricity resistance, unbreathing,
petrification resistance, rot immunity, AC +4
a: no special abilities


You were on level 1 of the Abyss.
You were not hungry.

You visited 1 branch of the dungeon, and saw 5 of its levels.
You visited the Abyss 1 time.

You collected 119 gold pieces.

Inventory:

Hand Weapons
 g - a +2 mace (weapon)
 l - a +0 whip
Missiles
 b - 101 stones (quivered)
Armour
 c - a +0 robe (worn)
 n - a +3 buckler
Jewellery
 f - a +6 ring of protection (right hand)
 m - a ring of positive energy (left hand)
 p - a +2 ring of protection
 v - a cursed -3 ring of strength {unknown}
Scrolls
 h - 3 scrolls of remove curse
 s - a scroll of enchant armour
Potions
 k - a potion of resistance {unknown}
 o - a potion of lignification {unknown}
 q - 2 potions of curing
 t - a potion of agility {unknown}
Books
 e - a book of Geomancy

   Spells                             Type                      Level
   a - Sandblast                      Earth                        1
   b - Passwall                       Transmutation/Earth          2
   c - Stone Arrow                    Conjuration/Earth            3
   d - Petrify                        Transmutation/Earth          4
   e - Lee's Rapid Deconstruction     Earth                        5
Comestibles
 a - a royal jelly
 d - 2 bread rations
 u - a meat ration


   Skills:
 - Level 1.5 Dodging
 - Level 2.1 Stealth
 * Level 3.8 Spellcasting
 - Level 0.7 Transmutations
 * Level 5.6 Earth Magic


You had 5 spell levels left.
You knew the following spells:

 Your Spells              Type           Power        Failure   Level  Hunger
a - Sandblast             Erth           ###...       1%          1    None
b - Passwall              Tmut/Erth      ##........   7%          2    ##.....
c - Stone Arrow           Conj/Erth      ##....       16%         3    ###....


Dungeon Overview and Level Annotations

Branches:
Dungeon (5/15)
 Temple: D:4-7

Altars:
Nemelex Xobeh
Okawaru

Annotations:
D:3 Sigmund
D:4 Edmund
D:5 2 transporters


Innate Abilities, Weirdness & Mutations

You are resistant to torment.
Your stone body is resilient. (AC +4)
You are immune to poison.
You resist negative energy. (rN+)
You are resistant to electric shocks. (rElec)
You can survive without breathing.
You are immune to petrification.
You are immune to rotting.


Message History

You start waiting.
You hear a distant slurping noise.
Done waiting.
You start waiting.
You hear a distant slurping noise.
Done waiting.
You start waiting.
A tentacled starspawn comes into view.
As you read the scroll of teleportation, it crumbles to dust.
You feel strangely unstable.
You feel the power of the Abyss delaying your translocation!
The tentacled starspawn bites you!
Ouch! That really hurt!
The tentacled starspawn engulfs you but does no damage.
The tentacled starspawn barely misses you.
The tentacled starspawn engulfs you.
* * * LOW HITPOINT WARNING * * *
The tentacled starspawn misses you. x2
The tentacled starspawn bites you!
You die...

. # . .
###
##X.#.#
#.#@#≈
### #


You could see a tentacled starspawn.

Vanquished Creatures
  A bullfrog (D:2)
  5 adders
  An ooze (D:1)
  An adder skeleton (D:5)
  2 worms
  A leopard gecko (D:3)
  An orc (D:3)
  6 bats
  2 giant cockroaches (D:2)
  3 goblins
  3 hobgoblins
  4 jackals
  5 kobolds
  2 frilled lizards
  6 rats
43 creatures vanquished.

Vanquished Creatures (others)
  5 toadstools (D:1)
5 creatures vanquished.

Grand Total: 48 creatures vanquished

Notes
Turn   | Place    | Note
-------+----------+-------------------------------------------
     0 | D:1      | Jorbantar the Gargoyle Earth Elementalist began the quest for the Orb.
     0 | D:1      | Reached XP level 1. HP: 10/10 MP: 3/3
   548 | D:1      | Reached XP level 2. HP: 13/15 MP: 5/5
   555 | D:1      | Reached skill level 4 in Earth Magic
  1088 | D:1      | Learned a level 2 spell: Passwall
  1141 | D:2      | Reached XP level 3. HP: 8/19 MP: 3/6
  1359 | D:1      | Learned a level 3 spell: Stone Arrow
  1742 | D:2      | Noticed a bullfrog
  1745 | D:2      | Killed a bullfrog
  1745 | D:2      | Reached skill level 5 in Earth Magic
  1745 | D:2      | Reached XP level 4. HP: 15/24 MP: 2/9
  2209 | D:3      | Noticed Sigmund
  2299 | D:3      | Reached XP level 5. HP: 28/28 MP: 8/10
  2712 | D:3      | You fall through a shaft for 2 floors!
  2712 | D:5      | Entered Level 5 of the Dungeon
  2882 | D:5      | Found a transporter.
  2883 | D:5      | Noticed a vampire
  2883 | D:5      | Noticed an ogre
  2883 | D:5      | Found a transporter.
  2898 | D:5      | Found a sparkling altar of Nemelex Xobeh.
  2899 | D:5      | Found an iron altar of Okawaru.
  2918 | D:4      | Noticed Edmund
  3339 | D:3      | Cast into level 1 of the Abyss (Sigmund)
  3339 | Abyss:1  | Found a corrupted altar of Lugonu.
  3389 | Abyss:1  | Noticed a sixfirhy
  3636 | Abyss:1  | Noticed a tentacled starspawn
  3641 | Abyss:1  | Slain by a tentacled starspawn

Vault maps used:
D:1:      ldierk_walled_garden, st_stairs_12, minmay_pentomino_w4
D:3:      first_bread, uniq_sigmund
D:4:      enter_ossuary_5, minivault_24, nicolae_underground_beach, uniq_edmund
D:5:      grunt_temple_overflow_forces_of_nature, kennysheep_mini,
          gammafunk_temple_overflow_arena

Skill      XL: |  1  2  3 |
---------------+----------+-----
Earth Magic    | 4 5 |  5.6
Spellcasting   | 3 |  3.8
Dodging        | |  1.5
Stealth        | |  2.1
Transmutations | |  0.7

Action                   |  1- 3 |  4- 6 || total
-------------------------+-------+-------++-------
Melee: Mace              |    61 |    32 ||    93
       Unarmed           |     5 |       ||     5
 Cast: Sandblast         |    17 |    15 ||    32
       Stone Arrow       |     2 |     3 ||     5
  Use: Scroll            |       |    17 ||    17
 Stab: Sleeping          |     1 |     2 ||     3
  Eat: Chunk             |     3 |     1 ||     4
       Royal jelly       |       |     1 ||     1
       Bread ration      |       |     1 ||     1
Armor: Robe              |    56 |    26 ||    82
Dodge: Dodged            |    77 |    50 ||   127

Table legend:
 A = Spawn XP
 B = Non-spawn XP
 C = Spawn XP percentage of total XP
 D = Spawn monster count
 E = Non-spawn monster count
 F = Spawn count percentage of total count
 G = Total turns spent on level
                    A         B        C        D         E        F      G
               +---------+---------+-------+---------+---------+-------+---------
         Total |       0 |     232 |   0.0 |       0 |      43 |   0.0 |  3641
               +---------+---------+-------+---------+---------+-------+---------
           D:1 |       0 |      30 |   0.0 |       0 |      16 |   0.0 |  1300
           D:2 |       0 |     136 |   0.0 |       0 |      12 |   0.0 |  1218
           D:3 |       0 |      61 |   0.0 |       0 |      14 |   0.0 |   584
           D:5 |       0 |       5 |   0.0 |       0 |       1 |   0.0 |   195
               +---------+---------+-------+---------+---------+-------+---------
